 Dungeon Crawl Stone Soup version 0.18.1-48-g4cf74bf (webtiles) character file.

39 mopl the Sneak (level 3, 0/17 HPs)
             Began as a Vine Stalker Wanderer on Aug 31, 2016.
             Slain by an adder (1 damage)
             ... on level 2 of the Dungeon.
             The game lasted 00:02:15 (1119 turns).

mopl the Sneak (Vine Stalker Wanderer)              Turns: 1119, Time: 00:02:16

Health: 0/17       AC:  3    Str: 13    XL:     3   Next: 47%
Magic:  0/5        EV: 11    Int: 10    God:
Gold:   66         SH:  0    Dex: 17    Spells: 2 memorised, 1 level left

rFire  . . .     SeeInvis .     e - +0 dagger
rCold  . . .     Gourm    .     d - +0 robe
rNeg   . . .     Faith    .     (no shield)
rPois  .         Spirit   +     (no helmet)
rElec  .         Dismiss  .     o - +0 cloak
rCorr  .         Reflect  .     (no gloves)
SustAt .         Harm     .     (no boots)
MR     .....                    (no amulet)
Stlth  ++........               (no ring)
                                (no ring)

@: lethally poisoned (0 -> 0), not resistant to hostile enchantments, unstealthy
A: fangs 2, regeneration 1, magic shield, antimagic bite, no device heal 3, rot
immunity
a: no special abilities


You were on level 2 of the Dungeon.
You were not hungry.

You visited 1 branch of the dungeon, and saw 2 of its levels.

You collected 66 gold pieces.

Inventory:

Hand Weapons
 e - a +0 dagger (weapon)
Missiles
 n - 3 needles of frenzy
 s - 7 poisoned needles
Armour
 d - a +0 robe (worn)
 o - a +0 cloak (worn)
Scrolls
 c - 2 scrolls of teleportation
 h - 3 scrolls of identify {unknown}
 m - a scroll of remove curse {unknown}
 q - a scroll of fear {unknown}
 u - a scroll of fog {unknown}
Potions
 i - a potion of flight {unknown}
 j - a potion of resistance {unknown}
 k - a potion of haste {unknown}
 l - 2 potions of curing {unknown}
 p - 2 potions of degeneration {unknown}
Books
 a - a book of Spatial Translocations

   Spells                             Type                      Level
   a - Apportation                    Translocation                1
   b - Blink                          Translocation                2
   c - Shroud of Golubria             Charms/Translocation         2
   d - Portal Projectile              Translocation                3
   e - Teleport Other                 Translocation                3
   f - Passage of Golubria            Translocation                4
 b - the Tome of Translocation

   Spells                             Type                      Level
   a - Shroud of Golubria             Charms/Translocation         2
   b - Blink                          Translocation                2
Comestibles
 f - 3 bread rations
 g - a beef jerky
 r - a chunk of flesh
 t - 2 fruits
 v - a slice of pizza


   Skills:
 + Level 0.6 Fighting
 + Level 1.2 Short Blades
 + Level 1.2 Throwing
 + Level 3.2 Stealth
 - Level 1.1 Spellcasting
   Level 3.0 Hexes
   Level 2.0 Summonings
 - Level 2.0 Translocations


You had one spell level left.
You knew the following spells:

 Your Spells              Type           Power        Failure   Level  Hunger
a - Apportation           Tloc           #.........   17%         1    ##.....
e - Blink                 Tloc           N/A          24%         2    ###....


Dungeon Overview and Level Annotations

Branches:
Dungeon (2/15)

Altars:


Innate Abilities, Weirdness & Mutations

You have extremely sharp teeth.
Your natural rate of healing is unusually fast.
When hurt, damage is shared between your health and your magic reserves.
Your bite disrupts and absorbs the magic of your enemies.
Potions and wands cannot restore your health.
You are immune to rotting.


Message History

The adder is heavily wounded.
The adder closely misses you.
You hit the adder but do no damage.
The adder is heavily wounded.
You feel sick. The adder bites you but does no damage.
You hit the adder but do no damage. Your bite misses the adder.
The adder is heavily wounded.
The adder bites you.
* * * LOW HITPOINT WARNING * * *
You barely miss the adder.
The adder is heavily wounded.
The adder bites you.
* * * LOW HITPOINT WARNING * * *
The adder bites you.
* * * LOW HITPOINT WARNING * * *
You closely miss the adder. Your bite misses the adder.
The adder is heavily wounded.
* * * LOW HITPOINT WARNING * * *
You feel sick. The adder bites you.
You die...

$# ### .# # #..
.# #. #.# ..
###.##.# (#
..>...# .#
#.#..####S#
#####.......@.#
##......†..#####
##.....##...#
.##...........#
.#..........#.#
............#.#
#..........#.#
##....<..#.#.#
.###.....##.#.#


You could see an adder.

Vanquished Creatures
  An adder (D:2)
  3 giant geckos
  A ball python (D:1)
  A giant cockroach (D:1)
  2 goblins (D:1)
  3 hobgoblins (D:1)
  3 jackals (D:1)
  2 kobolds
  A quokka (D:2)
  2 bats (D:1)
  3 giant newts
  4 rats
26 creatures vanquished.

Notes
Turn   | Place    | Note
--------------------------------------------------------------
     0 | D:1      | mopl the Vine Stalker Wanderer began the quest for the Orb.
     0 | D:1      | mopl set off with: a book of Spatial Translocations, the Tome of Translocation, a scroll of teleportation, a +0 robe, a +0 dagger, a bread ration
     0 | D:1      | Reached XP level 1. HP: 9/9 MP: 3/3
     0 | D:1      | Identified the Tome of Translocation
     2 | D:1      | Learned a level 1 spell: Apportation
   131 | D:1      | Reached XP level 2. HP: 13/13 MP: 4/4
   145 | D:1      | Learned a level 2 spell: Blink
   538 | D:1      | Reached skill level 1 in Throwing
   578 | D:1      | Reached skill level 1 in Short Blades
   835 | D:2      | Reached XP level 3. HP: 17/17 MP: 5/5
   839 | D:2      | Reached skill level 3 in Stealth
  1119 | D:2      | Slain by an adder

Skill      XL: |  1  2  3 |
---------------+----------+-----
Throwing       | 1 |  1.2
Short Blades   | 1 |  1.2
Stealth        | 3 |  3.2
Fighting       | |  0.6
Spellcasting   | |  1.1
Hexes          | |  3.0
Summonings     | |  2.0
Translocations | |  2.0

Action                   || total
-------------------------++-------
Melee: Dagger            ||   123
       Bite              ||    32
 Stab: Sleeping          ||     3
  Eat: Chunk             ||     1
Armor: Robe              ||    18
Dodge: Dodged            ||    57
